Map: Disco Bloodbath LE

Players

Neeb

  • Race: Protoss Protoss
  • Spawn Location: 9:00

Rogue - Winner!

  • Race: Zerg Zerg
  • Spawn Location: 3:00

Event: 2019 WCS Global FInals

VOD

https://www.youtube.com/watch?v=KvtCI-Sne0k&t=4600s

Description

Time

  • Played on: Oct. 27, 2019, 1:15 a.m.
  • Length: 10:34

All games in this series

Show
View Real Time Build Order
Export as new Build Order

Neeb Protoss 

Build Orders: 1 Gate Expand, Oracle Opening, Phoenix Opening, Chargelot Immortal 

Get SALT Encoding   

  12  0:00  Probe  
  13  0:12  Probe  
  14  0:17  Pylon  
  14  0:24  Probe  
  14  0:27  Assimilator  
  15  0:36  Probe (Chrono Boost)  
  16  0:43  Gateway  
  16  0:48  Probe (Chrono Boost)  
  17  0:53  Probe (Chrono Boost)  
  18  1:03  Probe  
  19  1:15  Probe  
  20  1:22  Nexus  
  20  1:31  Cybernetics Core  
  20  1:35  Probe  
  20  1:39  Assimilator  
  21  1:47  Probe  
  21  1:48  Pylon  
  22  1:59  Probe (Chrono Boost)  
  23  2:04  Adept (Chrono Boost)  
  26  2:10  Probe (Chrono Boost)  
  26  2:11  Stargate  
  26  2:15  Probe (Chrono Boost)  
  26  2:19  Warp Gate  
  27  2:27  Probe (Chrono Boost), Adept  
  30  2:34  Probe (Chrono Boost)  
  31  2:43  Probe x2 (Chrono Boost)  
  33  2:48  Probe (Chrono Boost)  
  33  2:49  Probe  
  35  2:54  Phoenix (Chrono Boost)  
  35  2:57  Pylon  
  37  3:00  Probe  
  37  3:01  Probe  
  39  3:12  Probe  
  40  3:14  Probe  
  40  3:16  Assimilator, Adept  
  40  3:19  Oracle (Chrono Boost)  
  46  3:20  Assimilator  
  46  3:24  Probe  
  47  3:29  Probe  
  47  3:30  Pylon  
  48  3:36  Robotics Facility, Probe  
  49  3:42  Probe  
  49  3:45  Pylon  
  50  3:48  Probe  
  50  3:50  Oracle (Chrono Boost)  
  50  3:54  Probe  
  55  4:00  Probe  
  56  4:03  Pylon  
  56  4:06  Probe  
  56  4:09  Sentry  
  59  4:12  Probe  
  59  4:15  Pylon  
  60  4:19  Gateway x2  
  63  4:26  Immortal  
  64  4:32  Oracle (Chrono Boost)  
  64  4:37  Probe  
  68  4:40  Sentry  
  70  4:51  Gateway  
  70  4:53  Gateway  
  70  4:55  Gateway  
  70  5:03  Immortal (Chrono Boost)  
  74  5:11  Nexus  
  74  5:17  Sentry x2  
  74  5:18  Sentry  
  74  5:20  Pylon  
  80  5:25  Pylon  
  80  5:31  Probe x2  
  83  5:50  Probe x2  
  83  5:51  Warp Prism (Chrono Boost)  
  83  5:52  Sentry  
  83  5:53  Stalker x3  
  91  5:59  Stalker x2  
  95  6:04  Probe  
  95  6:07  Probe  
  97  6:13  Pylon  
  97  6:16  Stalker x2  
  101  6:19  Observer (Chrono Boost)  
  101  6:24  Stalker x2  
  106  6:32  Stalker x2  
  107  6:39  Probe x2  
  109  6:40  Probe  
  109  6:45  Stalker x2  
  114  6:48  Stalker, Pylon  
  114  6:50  Stalker  
  116  6:59  Forge  
  116  7:00  Twilight Council  
  112  7:12  Zealot  
  112  7:13  Zealot x2  
  112  7:14  Zealot x2  
  111  7:20  Immortal (Chrono Boost)  
  99  7:28  Zealot  
  91  7:30  Protoss Ground Weapons Level 1 (Chrono Boost)  
  91  7:33  Probe x2 (Chrono Boost)  
  91  7:34  Probe (Chrono Boost)  
  94  7:41  Charge (Chrono Boost)  
  92  7:45  Probe x2 (Chrono Boost)  
  92  7:46  Probe (Chrono Boost)  
  92  7:48  Assimilator  
  92  7:50  Assimilator  
  95  7:51  Immortal  
  95  7:54  Probe x2 (Chrono Boost)  
  101  8:01  Stalker x3, Sentry  
  101  8:02  Probe, Sentry  
  101  8:04  Probe  
  113  8:05  Probe  
  113  8:14  Probe  
  113  8:16  Probe  
  113  8:18  Probe  
  116  8:22  Sentry  
  116  8:24  Gateway  
  116  8:26  Gateway  
  116  8:27  Probe, Sentry x2  
  119  8:28  Sentry  
  119  8:32  Pylon  
  119  8:33  Pylon  
  125  8:42  Stalker x2  
  129  8:50  Stalker x2  
  129  8:54  Stalker x2  
  137  8:59  Shield Battery  
  137  9:00  Pylon  
  137  9:09  Stalker x2  
  141  9:16  Stalker x2  
  145  9:22  Stalker x4  
  123  9:32  Stalker x2  
  116  9:43  Zealot x2  
  120  9:48  Sentry  
  120  9:49  Zealot x2, Sentry  
  128  9:56  Stalker  
  128  9:57  Stalker  
  132  10:05  Stalker x2  
  122  10:11  Stalker x2  
  122  10:12  Stalker x2  
  126  10:20  Stalker x2  
Show
View Real Time Build Order
Export as new Build Order

Rogue Zerg - Winner!

Build Orders: Hatch First, Swarm Host 

Get SALT Encoding   

  12  0:00  Drone  
  13  0:12  Overlord  
  13  0:17  Drone  
  14  0:30  Drone x2  
  16  0:47  Hatchery  
  15  0:51  Drone  
  15  0:54  Drone  
  17  0:57  Drone  
  18  1:08  Extractor  
  17  1:13  Spawning Pool  
  17  1:16  Drone  
  17  1:19  Drone  
  18  1:28  Drone  
  19  1:38  Drone  
  20  1:45  Hatchery  
  19  1:49  Drone  
  20  1:59  Queen  
  20  2:00  Drone  
  23  2:04  Drone  
  24  2:12  Queen  
  26  2:17  Overlord  
  26  2:23  Drone  
  26  2:24  Drone  
  26  2:29  Metabolic Boost  
  28  2:38  Zergling x4  
  28  2:39  Drone  
  28  2:44  Drone x2  
  33  2:48  Queen  
  35  2:53  Drone  
  36  2:59  Overlord  
  36  3:02  Drone  
  36  3:04  Queen  
  39  3:07  Pneumatized Carapace  
  39  3:10  Drone  
  40  3:14  Drone x2  
  40  3:18  Drone x2  
  44  3:22  Spore Crawler, Drone  
  44  3:26  Spore Crawler  
  43  3:30  Drone x3  
  43  3:34  Overlord  
  46  3:38  Drone x2  
  48  3:45  Spore Crawler  
  48  3:46  Overlord  
  47  3:53  Zergling x6  
  50  3:56  Overlord  
  50  4:06  Spore Crawler, Drone x7  
  50  4:08  Drone  
  57  4:14  Queen  
  59  4:17  Drone  
  59  4:18  Drone x2  
  59  4:21  Overlord  
  62  4:26  Roach Warren  
  62  4:29  Overlord  
  61  4:33  Overlord  
  61  4:36  Lair  
  61  4:40  Extractor  
  61  4:41  Drone x5  
  61  4:45  Drone  
  66  4:47  Drone x4  
  70  4:55  Drone x2  
  71  5:03  Drone  
  71  5:04  Drone x7  
  71  5:06  Drone  
  76  5:10  Extractor  
  76  5:11  Extractor  
  74  5:14  Overlord  
  74  5:15  Overlord, Extractor  
  74  5:18  Evolution Chamber  
  74  5:21  Roach  
  74  5:22  Overlord  
  74  5:24  Roach x2  
  74  5:26  Roach  
  80  5:29  Roach  
  80  5:30  Overlord  
  80  5:33  Overlord  
  80  5:34  Roach x2  
  86  5:38  Overlord  
  86  5:39  Glial Reconstitution  
  84  5:48  Roach  
  84  5:49  Roach x5  
  92  5:53  Overseer  
  92  5:55  Drone  
  93  5:58  Extractor  
  93  5:59  Overlord  
  93  6:02  Roach x2  
  95  6:05  Drone x3  
  95  6:08  Drone  
  95  6:09  Drone  
  100  6:11  Zerg Missile Weapons Level 1  
  100  6:12  Drone x4  
  100  6:14  Roach  
  100  6:16  Roach  
  100  6:18  Ravager  
  109  6:21  Roach  
  111  6:27  Spine Crawler  
  111  6:28  Ravager  
  111  6:32  Roach  
  112  6:33  Roach x4  
  112  6:35  Zergling x4  
  112  6:39  Zergling x8  
  126  6:40  Ravager  
  126  6:41  Ravager  
  126  6:43  Zergling x4  
  126  6:46  Ravager  
  131  6:48  Zergling x2  
  131  6:49  Zergling x4  
  131  6:50  Ravager  
  131  6:51  Overlord  
  135  6:56  Zergling x2, Ravager  
  135  6:57  Overlord  
  138  7:01  Overlord, Ravager  
  138  7:04  Overlord  
  134  7:09  Zergling x14  
  134  7:14  Roach  
  130  7:17  Roach  
  130  7:18  Roach x2  
  130  7:20  Roach  
  120  7:23  Ravager  
  120  7:25  Roach  
  120  7:26  Roach  
  116  7:30  Drone  
  116  7:35  Drone x4  
  117  7:37  Drone  
  117  7:39  Drone x2  
  117  7:43  Infestation Pit  
  117  7:44  Nydus Network  
  115  7:55  Hatchery  
  109  8:18  Swarm Host x5  
  109  8:19  Swarm Host x5  
  136  8:21  Zergling x14  
  136  8:22  Nydus Canal  
  143  8:32  Overlord  
  143  8:35  Roach x4  
  151  8:43  Swarm Host  
  151  8:45  Nydus Canal  
  151  8:47  Overlord  
  151  8:48  Overlord  
  151  8:49  Zergling x2  
  151  8:50  Zergling x2  
  151  8:51  Overlord  
  151  8:53  Overlord  
  153  8:57  Nydus Canal, Ravager x2  
  153  9:02  Zergling x2  
  156  9:03  Zergling x10  
  156  9:05  Overlord  
  156  9:07  Overlord  
  161  9:11  Nydus Canal  
  161  9:13  Roach x4  
  169  9:22  Zergling x2  
  169  9:23  Roach x2  
  171  9:25  Roach x6  
  171  9:29  Roach  
  179  9:33  Roach  
  174  9:39  Nydus Canal  
  174  9:41  Roach x5  
  174  9:42  Roach x2  
  184  9:45  Extractor  
  184  9:49  Zergling x10  
  184  9:52  Roach  
  188  9:54  Nydus Canal  
  188  10:06  Nydus Canal  
  175  10:09  Roach  
  175  10:10  Roach x8  
  175  10:14  Roach x2  
  188  10:26  Nydus Canal  
Tags
 
Add a new tag
Caveats
  • Supply blocks, unpowered buildings, or Contaminate may cause inaccurate times.
  • Supply counts are checked every 10 seconds.